Cogmind - Beta 11.1 @@@ ROGUE MODE // 2022.10.30 @ 16:25:06 Player: Hilbert Result: Destroyed by G-34 Mercenary with Small Laser Performance ------------- Evolutions (1) 500 Regions Visited (3) 600 Robots Destroyed (9) 45 Value Destroyed (317) 317 Prototype IDs (0) 0 Alien Tech Used (0) 0 Bonus (200) 200 TOTAL SCORE: 1662 Bonus ------- Pacifist 200 Cogmind --------- Core Integrity 0/400 Matter 258/300 Energy 98/100 System Corruption 13% Temperature Cool (12) Movement Core (50) Location -9/Storage Parts ------- > --- POWER (1) -------- (None) > --- PROPULSION (3) --- (None) > --- UTILITY (3) ------ (None) > --- WEAPON (2) ------- (None) > --- INVENTORY (5) ---- Aluminum Leg Improved Aluminum Leg Medium Laser Assault Rifle Peak State ------------ > --- POWER ------------ Light Ion Engine > --- PROPULSION ------- Light Treads Light Treads Compact Wheel > --- UTILITY ---------- Small Storage Unit Medium Storage Unit Hardened Light Armor Plating > --- WEAPON ----------- Light Assault Rifle Axe > --- INVENTORY -------- Aluminum Leg Aluminum Leg Improved Aluminum Leg Compact Wheel Medium Laser Assault Rifle Grenade Launcher Axe [Rating: 13] Favorites ----------- Power Ion Engine Engine Ion Engine Propulsion Light Treads Treads Light Treads Leg Aluminum Leg Wheel Compact Wheel Utility Medium Storage Unit Device Terrain Scanner Storage Medium Storage Unit Protection Hardened Light Armor Plating Weapon Light Assault Rifle Energy Gun Medium Laser Ballistic Gun Light Assault Rifle Launcher Grenade Launcher Slashing Weapon Axe Build | -11 -10 -9 -9 ------- Run | Scr Mat Mat Sto Slots Evolved 2 | . . 2 . Power . | . . . . Propulsion 1 | . . 1 . Utility 1 | . . 1 . Weapon . | . . . . Parts Attached 13 | . 4 2 7 Power 1 | . . . 1 Engine 1 | . . . 1 Core . | . . . . Reactor . | . . . . Propulsion 5 | . 2 1 2 Treads 2 | . 1 1 . Leg 1 | . . . 1 Wheel 2 | . 1 . 1 Hover . | . . . . Flight . | . . . . Utility 4 | . 2 1 1 Device 1 | . 1 . . Storage 2 | . 1 . 1 Processor . | . . . . Hackware . | . . . . Protection 1 | . . 1 . Artifact . | . . . . Weapon 3 | . . . 3 Energy Gun . | . . . . Energy Cannon . | . . . . Ballistic Gun . | . . . . Ballistic Cannon . | . . . . Launcher 1 | . . . 1 Special Weapon . | . . . . Impact Weapon . | . . . . Slashing Weapon 2 | . . . 2 Piercing Weapon . | . . . . Special Melee Weapon . | . . . . Unidentified Prototypes . | . . . . Parts Lost 12 | . . . 12 Power 1 | . . . 1 Propulsion 5 | . . . 5 Utility 2 | . . . 2 Weapon 4 | . . . 4 Highest Loss Streak 7 | . . . 7 To Critical Strikes . | . . . . Average Slot Usage (%) 83 | . 94 98 64 Engine 8 | . 14 11 3 Treads 15 | . 11 22 12 Leg 1 | . 4 . . Wheel 9 | . 11 11 7 Device 6 | . 9 11 . Storage 14 | . 14 11 16 Protection 6 | . . 9 7 Energy Gun 7 | . 14 11 2 Ballistic Gun 9 | . 14 11 5 Slashing Weapon 3 | . . . 7 Naked Turns 39 | . . . 39 Heaviest Build 28 | 13 19 24 28 Greatest Support 40 | 20 20 40 40 Greatest Overweight (x) 7 | . 1 1 7 Average Overweight (x) . | . . . . Largest Inventory Capacity 10 | 8 10 10 10 Average Capacity 9 | 8 9 10 9 Most Carried 10 | 6 8 10 10 Average Carried 7 | 6 7 8 7 Final Capacity 10 | 8 10 10 5 Final Carried 10 | 6 8 10 4 Class Distribution -------------------- 100% | Mutant Dominant Class ---------------- Mutant | -10/Materials Mutant | -9/Materials Mutant | -9/Storage Resources | -11 -10 -9 -9 ----------- Run | Scr Mat Mat Sto Matter Collected 295 | 200 . 73 22 Remotely . | . . . . Salvage Created 371 | . . 135 236 Parts 20 | . . 10 10 Haulers Intercepted . | . . . . Recyclers Shooed . | . . . . Parts Field Recycled . | . . . . Retrieved Matter . | . . . . Parts Self-Destructed . | . . . . Prevented . | . . . . Kills | -11 -10 -9 -9 ------- Run | Scr Mat Mat Sto Combat Hostiles Destroyed 9 | . . 3 6 Melee 4 | . . . 4 Guns 4 | . . 3 1 Classes Destroyed 3 | . . 2 1 Swarmer 1 | . . . 1 Grunt 6 | . . 2 4 Sentry 2 | . . 1 1 Best Kill Streak 3 | . . 3 2 Combat Bots Only 3 | . . 3 2 Max Kills in Single Turn 1 | . . 1 1 Gunslinging . | . . . . Exploded . | . . . . Melee 1 | . . . 1 Uniques/NPCs Destroyed . | . . . . Combat | -11 -10 -9 -9 -------- Run | Scr Mat Mat Sto Damage Taken 1915 | . . 170 1745 Core 402 | . . . 402 Absorbed by Shields . | . . . . Core Remaining (%) 100 | 100 100 . . Volleys Fired 17 | . . 13 4 Largest 2 | . . 2 2 Hottest 70 | . . 70 70 Shots Fired 32 | . . 26 6 Gun 30 | . . 26 4 Cannon . | . . . . Launcher 2 | . . . 2 Special . | . . . . Kinetic 15 | . . 13 2 Thermal 15 | . . 13 2 Explosive 2 | . . . 2 Electromagnetic . | . . . . Robot Hit Streak 22 | . . 18 22 Robot Miss Streak 2 | . . 2 . Penetration Max . | . . . . Secondary Targets . | . . . . Shots Hit Robots 43 | . . 21 22 Core Hits 17 | . . 7 10 Critical Kills . | . . . . Critical Parts Destroyed . | . . . . Critical Strikes 3 | . . . 3 Sever 3 | . . . 3 Melee Attacks 42 | . . . 42 Impact . | . . . . Slashing 42 | . . . 42 Piercing . | . . . . Sneak Attacks . | . . . . Combat Hostiles . | . . . . Follow-up Attacks 2 | . . . 2 Damage Inflicted 962 | . . 217 745 Guns 263 | . . 216 47 Cannons . | . . . . Explosions 21 | . . . 21 Melee 677 | . . . 677 Ramming 1 | . . 1 . Kinetic 100 | . . 81 19 Thermal 163 | . . 135 28 Explosive 21 | . . . 21 Electromagnetic . | . . . . Impact . | . . . . Slashing 677 | . . . 677 Piercing . | . . . . Highest Corruption 13 | . . . 13 Average Corruption 11 | . . . 11 Corruption Purged . | . . . . Corruption Blocked . | . . . . Effects 5 | . . . 5 Message Errors 1 | . . . 1 Matter Fused 2 | . . . 2 Data Loss (major) 1 | . . . 1 Misdirections 1 | . . . 1 Overload Shots . | . . . . Overflow Damage 27 | . . . 27 Projectiles . | . . . . Explosions 8 | . . . 8 Melee 19 | . . . 19 Knockbacks . | . . . . Impact . | . . . . Kinetic . | . . . . Secondary . | . . . . Self-Inflicted Damage 35 | . . . 35 Shots 2 | . . . 2 Rammed 1 | . . 1 . Targets Rammed 1 | . . 1 . Kicked . | . . . . Crushed . | . . . . Highest Temperature 289 | . . 289 34 Average Temperature 121 | . . 132 22 Received Heat Transfer 528 | . . 99 429 Siege Activations . | . . . . Robots Corrupted . | . . . . Combat Hostiles . | . . . . Parts Fried . | . . . . Impact Corruptions . | . . . . Robots Melted . | . . . . Combat Hostiles . | . . . . Parts Melted 1 | . . 1 . Heat Transferred 444 | . . 370 74 Parts Sabotaged . | . . . . Parts Stolen . | . . . . Parts Stripped . | . . . . Power Chain Reactions . | . . . . Missiles Intercepted . | . . . . Alert | -11 -10 -9 -9 ------- Run | Scr Mat Mat Sto Peak Influence 431 | . 15 136 431 Initial 57 | . . 5 57 Average 97 | . 1 55 179 Maximum Alert Level 2 | . . . 2 Low Security (%) 84 | 100 100 100 64 Level 1 13 | . . . 31 Level 2 1 | . . . 4 Level 3 . | . . . . Level 4 . | . . . . Level 5 . | . . . . High Security . | . . . . Max Security . | . . . . Squads Dispatched 3 | . . 1 2 Investigation . | . . . . Extermination . | . . . . Reinforcement 3 | . . 1 2 Assault . | . . . . Garrison . | . . . . Intercept . | . . . . Searches Triggered . | . . . . Construction Impeded . | . . . . Haulers Reinforced . | . . . . Active Scanning Responses . | . . . . Cargo Convoy Interrupts . | . . . . Stealth | -11 -10 -9 -9 --------- Run | Scr Mat Mat Sto Distress Signals 3 | . . 1 2 Communications Jammed . | . . . . Distress Signals . | . . . . Times Spotted 40 | . 1 6 33 Peak Tracking Total 17 | . 1 4 17 Tactical Retreats 4 | . . . 4 Traps | -11 -10 -9 -9 ------- Run | Scr Mat Mat Sto Traps Triggered 2 | . . . 2 Indirectly . | . . . . Trap Hack Attempts . | . . . . Triggered . | . . . . Disarmed . | . . . . Reprogrammed . | . . . . Reused . | . . . . Traps Extracted . | . . . . Installed . | . . . . Triggered . | . . . . Machines | -11 -10 -9 -9 ---------- Run | Scr Mat Mat Sto Machines Disabled . | . . . . Max in Single Turn . | . . . . Machines Sabotaged . | . . . . Garrisons Compromised . | . . . . Overloaded Fab Kills . | . . . . Hacking | -11 -10 -9 -9 --------- Run | Scr Mat Mat Sto Machines Accessed 6 | . 1 4 1 Terminals 6 | . 1 4 1 Fabricators . | . . . . Repair Stations . | . . . . Recycling Units . | . . . . Scanalyzers . | . . . . Garrison Access . | . . . . Total Hacks 17 | . 2 12 3 Successful 8 | . . 7 1 Failed 9 | . 2 5 2 Catastrophic 1 | . . 1 . Database Lockouts . | . . . . Manual 13 | . 2 10 1 Terminals 17 | . 2 12 3 Fabricators . | . . . . Repair Stations . | . . . . Recycling Units . | . . . . Scanalyzers . | . . . . Garrison Access . | . . . . Terminal Hacks 4 | . . 4 . Robot Analysis 3 | . . 3 . Hauler Manifests 1 | . . 1 . Fabricator Hacks . | . . . . Repair Station Hacks . | . . . . Recycling Unit Hacks . | . . . . Scanalyzer . | . . . . Garrison Access Hacks . | . . . . Unauthorized Hacks 4 | . . 3 1 Terminals 4 | . . 3 1 Botnet 4 | . . 3 1 Fabricators . | . . . . Repair Stations . | . . . . Recycling Units . | . . . . Scanalyzers . | . . . . Garrison Access . | . . . . Data Cores Recovered . | . . . . Used . | . . . . Hacking Detections 2 | . . 1 1 Full Trace Events . | . . . . Feedback Events . | . . . . Feedback Blocked . | . . . . Robot Schematics Acquired . | . . . . Robots Built . | . . . . Authchips . | . . . . Time . | . . . . Total Robot Build Rating . | . . . . Part Schematics Acquired . | . . . . Parts Built . | . . . . Authchips . | . . . . Time . | . . . . Total Part Build Rating . | . . . . Parts Repaired . | . . . . Time . | . . . . Parts Recycled . | . . . . Recycled Matter . | . . . . Retrieved Matter . | . . . . Retrieved Components . | . . . . Parts Scanalyzed . | . . . . Part Schematics Acquired . | . . . . Parts Damaged . | . . . . Bothacking | -11 -10 -9 -9 ------------ Run | Scr Mat Mat Sto Used RIF Installer . | . . . . Robots Hacked . | . . . . Non-combat . | . . . . Combat . | . . . . Robot Hacks Applied . | . . . . Relay Couplers Released . | . . . . Fabnet Peak Effective % . | . . . . Robots Rewired . | . . . . Allies Hacked . | . . . . Hacks Repelled . | . . . . Allies | -11 -10 -9 -9 -------- Run | Scr Mat Mat Sto Total Allies . | . . . . Largest Group . | . . . . Highest-Rated Group . | . . . . Highest-Rated Ally . | . . . . Total Orders . | . . . . Ally Attacks . | . . . . Total Damage . | . . . . Kills . | . . . . Allies Corrupted . | . . . . Allies Melted . | . . . . Intel | -11 -10 -9 -9 ------- Run | Scr Mat Mat Sto Robot Analysis Total 3 | . . 3 . Derelict Logs Recovered . | . . . . Drone Launches . | . . . . Drone Recoveries . | . . . . Exploration | -11 -10 -9 -9 ------------- Run | Scr Mat Mat Sto Turns Passed 851 | 3 168 317 363 Spaces Moved 551 | 3 146 178 224 Core 102 | . . . 102 Treads 36 | . . 13 23 Legs 26 | 3 23 . . Wheels 387 | . 123 165 99 Hover . | . . . . Flight . | . . . . Fastest Speed 50 | 120 100 115 50 Average Speed 108 | 120 111 118 98 Slowest Speed 400 | 120 120 160 400 Overloaded Moves . | . . . . Propulsion Burnouts . | . . . . Robots Hopped . | . . . . Cave-ins Triggered 3 | . . . 3 Exploration Rate (%) 28 | 2 42 23 45 Regions Visited 3 Branch Regions 1 Pre-discovered Areas . | . . . . Known Exits Taken . | . . . . Unknown Exits Taken 3 | 1 1 1 . Scrap Searched . | . . . . Spaces Dug 32 | . . . 32 Terrain Destroyed 32 | . . . 32 Melee 19 | . . . 19 Projectile . | . . . . AOE 13 | . . . 13 Terrain Rammed . | . . . . Walls Destroyed . | . . . . Machines Disabled . | . . . . Actions | -11 -10 -9 -9 --------- Run | Scr Mat Mat Sto Total 705 | 2 150 260 293 Wait 74 | . . 62 12 Move 548 | 2 145 177 224 Hop . | . . . . Pick Up 7 | . 1 4 2 Fast Attach 2 | . 1 1 . Attach 6 | . . 1 5 Detach . | . . . . Swap 5 | . 3 . 2 Drop 6 | . . 1 5 Fire 17 | . . 13 4 Melee 39 | . . . 39 Ram . | . . . . Kick . | . . . . Crush 1 | . . 1 . Escape Stasis . | . . . . Rewire . | . . . . Trap . | . . . . Miscellaneous . | . . . . Route ------- -11/Scrapyard -10/Materials -9/Materials -9/Storage History --------- Turn | Location | Event 1 | -11/Scrapyard | Discovered new exit (range 2) 4 | -11/Scrapyard | Entered Materials 156 | -10/Materials | Discovered new exit (range 9) 172 | -10/Materials | Entered another Materials area 172 | -9/Materials | Evolved 2 slots: Propulsion x1, Utility x1 302 | -9/Materials | Build established: Mutant 483 | -9/Materials | Discovered new exit (range 6) 489 | -9/Materials | Entered Storage 756 | -9/Storage | Crushed by falling debris 757 | -9/Storage | Crushed by falling debris 788 | -9/Storage | Lost 7 parts (4n2u1w) 801 | -9/Storage | Crushed by falling debris 801 | -9/Storage | Core integrity fell below 50% 801 | -9/Storage | System corruption reached 10% 837 | -9/Storage | Core integrity fell below 20% 852 | -9/Storage | Destroyed by G-34 Mercenary with Small Laser Last Messages --------------- 00769_ G-34 Mercenary crushed by falling debris. 00769_ G-34 Mercenary destroyed. 00769_ Sml. Laser crushed. 00792_ Dropped Med. Storage Unit. 00800_ The unstable cave ceiling collapses. 00800_ Med. Storage Unit crushed. 00801_ The unstable cave ceiling collapses. 00801_ Crushed by falling debris. 00801_ Axe destroyed. 00801_ System corrupted by crushing effect (+4). 00806_ U-05 Engineer builds a Wall. 00816_ System corrupted: Matter fused (-9). 00830_ O-16 Technician sends out distress signal. 00830_ O-16 Technician: "IFF HANDSHAKE FAILED. SECURING TERMINAL." 00831_ System corrupted: Substantial component data lost. 00842_ ALERT: Hostiles spotted, dispatching reinforcements to Terminal S004. 00846_ KWBXZSUYI=/CV0E##XZ8K&<3N,45#VI 0:: 00848_ Grenade Launcher destroyed. 00848_ Destroyed Grenade Launcher. Map ----- +----------------------------------------------------+ | ?????????????# #????##### #?????? | | ?????????????# #????#"""# #?????? | | ?????????????## ###"Y"########????#"R"# #?????? | | ??????????????# #?#"""#??????????##" "#/##+###???? | | ??????????????# #?#####??????????# #???? | | ??????????????# #????????????????# #???? | | ??????????????# #?###????????????# """ """ #???? | | ??????????????# ### ####?????????# ] """ """ #???? | | ??????????????# ## "##???????## """ """ #???? | | ??????????????# ## ""#???????# | +???? | | ?????????????## ## T"#???????## ! # ?? | | ?????????????# # "###???????## ########???# | | ?????????????# + ############# ####### # | | ?????????????# # # # # | | ?????????????## ## ]] # # + | | ??????????????# ## ]] # """ """ # ######## # | | ??????????????# ## ]] # """ """ # #???????????# | | ??????????????# ###### """ """ + #???????????? | | ??????????????# #????# # +????????? | | ??????????????# ?????# + ####????????? | | ??????????????# ?????# ###+#####/##???????????? | | ???????????????+?????###k # ???????????? | | ??????????????? ??????## # """ #?????????? | | ??????????????? ??????## # """ #?????????? | | ??????????????? ??????## # """ #????""???? | | ??????????????? ???????# @ # ????? ???? | | ???????????????????????# u # """ ???###+###? | | ???????????????????????# # """ ???# #? | | ??????????????????????##% %# """ #?## #? | | ?????????????????+ a % + +?? #? | | ?????????????????####### #"#######???# ## | | ???????????????????????#g gg ##!! #???? #" | | ???????????????????????# k ## ]#????# ##" | | ???????????????????????# ## % #????# # | | ???????????????????????# ## [ #????# # " | | ???????????????????????# / ! #????# !# " | | ???????????????????????+ ^ ^ # #????# %+[" | | ???????????????????????# ####/######## # | | ???????????????????????# # | | ???????????????????????# ##### ######## # | | ???????????????????????+ #???# #??????# ### | | ??????????????????????###+###+#???# #??????# ### | | ???????????????????????? ???????? ??????# | | ??????????????????????? "????????? ??????# | | ?????????????????????? ??????????? ??????# | | ??????????????????????????????????#+#??????#####+# | | ?????????????????????????????????????????????????? | | ?????????????????????????????????????????????????? | | ?????????????????????????????????????????????????? | | ?????????????????????????????????????????????????? | +----------------------------------------------------+ Best States ------------- Heat Dissipation 28 Energy Generation 10 Energy Capacity 250 Matter Stores 300 Matter Capacity 300 Sight Range 16 Terrain Scan Range 14 Terrain Scan Density 10 Armor Coverage 150 Evasion (%) 55 Recoil Reduction 2 Item Schematics ----------------- None Robot Schematics ------------------ None Fabricated ------------ Nothing Alien Tech Used ----------------- None Achievements -------------- None Challenges ------------ None Game ------ Seed ThrusterPortableTerminator Manual? 0 Play Time 00:16:55 Cumulative 41.0 hours Start 2022.10.30 @ 16:10:53 End 2022.10.30 @ 16:25:06 Sessions 1 Manual Loads 0 Difficulty Rogue Special Mode None Game No. 85 Rogue 85 Adventurer 0 Explorer 0 Win Type - Total 1 Types 1/0/0/0/0/0/0/0/0 Lore% 32 Gallery% 36 Achievement% 30 Wizard Run 0 Options --------- ASCII 0 Keyboard 1 Movement Vi Keybinds 1 Fullscreen 1 Font 18/SmallcapsGlow Map View 76x50 Tactical HUD 1 Map Filters NONE Filters NONE Steam 1 RUN: b98033cf-dc52-41ba-ade7-684d0534bfc9